 Dungeon Crawl Stone Soup version 0.26-a0-652-gafc20e3620 (webtiles) character file.

Game seed: 17275199710609154625

8 willcat the Caller (level 2, 0/21 HPs)
             Began as a Palentonga Summoner on Oct 2, 2020.
             Succumbed to an adder's poison
             ... on level 2 of the Dungeon.
             The game lasted 00:00:43 (1202 turns).

willcat the Caller (Palentonga Summoner)            Turns: 1202, Time: 00:00:43

Health: 0/21       AC:  4    Str: 11    XL:     2   Next: 0%
Magic:  1/5        EV: 10    Int: 15    God:
Gold:   96         SH:  0    Dex: 10    Spells: 4/5 levels left

rFire    . . .     SeeInvis +   (no weapon)
rCold    . . .     Faith    .   (no shield)
rNeg     . . .     Spirit   .   a - +0 robe
rPois    .         Reflect  .   (no helmet)
rElec    .         Harm     .   (no cloak)
rCorr    .         Rampage  .   (no gloves)
MR       .....                  (no barding)
Stlth    +.........             (no amulet)
HPRegen  0.07/turn              (no ring)
MPRegen  0.09/turn              (no ring)

@: lethally poisoned (0 -> -6)
A: large, rugged brown scales 3, see invisible, deformed body, roll, armoured
tail
a: Rolling Charge


You were on level 2 of the Dungeon.
You visited 1 branch of the dungeon, and saw 2 of its levels.

You collected 96 gold pieces.

Inventory:

Armour
 a - a +0 robe (worn)
Scrolls
 b - 2 scrolls of identify {unknown}
 c - a scroll of immolation {unknown}


   Skills:
 - Level 1.5 Dodging
 - Level 1.2 Stealth
 + Level 2.3 Spellcasting
 + Level 3.4 Summonings


You had 4 spell levels left.
You knew the following spells:

 Your Spells              Type           Power        Failure   Level
a - Summon Small Mammal   Summ           ##..         5%          1

Your spell library contained the following spells:

 Spells                   Type           Power        Failure   Level
 Call Imp                 Summ           ##......     8%          2
 Call Canine Familiar     Summ           ##......     16%         3
 Summon Guardian Golem    Hex/Summ       #.......     32%         3
 Summon Ice Beast         Ice/Summ       #.......     71%         4
 Summon Lightning Spire   Summ/Air       #.......     71%         4


Dungeon Overview and Level Annotations

Branches:
Dungeon (2/15)

Altars:


Innate Abilities, Weirdness & Mutations

You are completely covered in rugged brown scales. (AC +3, +7% HP)
You have supernaturally acute eyesight. (SInv)
Armour fits poorly on your strangely shaped body.
You can roll at foes to attack.
You have a long armoured tail.


Message History

Your bat completely misses the adder.
Your rat bites the adder.
Your bat closely misses the adder.
Found 17 bolts.
There is an open door here.
Unknown command.
Your bat closely misses the adder.
Your bat hits the kobold but does no damage.
Your bat completely misses the adder.
* * * LOW HITPOINT WARNING * * *
You feel sick.
Your bat barely misses the kobold.
Your bat closely misses the kobold. x2; Your bat misses the kobold.
A giant cockroach comes into view.
Your bat closely misses the kobold.
You hear a distant slurping noise.
Your rat closely misses the kobold.
Found an inky potion.
You barely miss the adder. You tail-slap the adder.
You kill the adder!
You have reached level 2!
You die...

#. # #s ###.### #.
...... #. ##...## ##.
##.....## ##..
##.......##
##...####.........#
#....@†Kb.b.......+
...(...####r........#
.####.! ##...<...##
##. ##.....## ..
##...## #. ##+## #.
..


You could see a giant cockroach (asleep), a kobold, 2 friendly bats and a
friendly rat (summoned).

Vanquished Creatures
  An adder (D:2)
  A kobold (D:1)
2 creatures vanquished.

Vanquished Creatures (collateral kills)
  2 bats (D:1)
2 creatures vanquished.

Grand Total: 4 creatures vanquished

Notes
Turn   | Place    | Note
-------+----------+-------------------------------------------
     0 | D:1      | willcat the Palentonga Summoner began the quest for the
                  | Orb.
     0 | D:1      | Reached XP level 1. HP: 14/14 MP: 3/3
  1202 | D:2      | Reached XP level 2. HP: 1/21 MP: 1/5
  1202 | D:2      | Succumbed to an adder's poison

Illustrated notes

Levels and vault maps discovered:
D:1:      denvon_arrival_waterhouse, layout_basic
D:2:      minmay_roachtagon, layout_loops_corners, minivault_14

Action                   || total
-------------------------++-------
Melee: Unarmed           ||    29
       Tailslap          ||     3
 Cast: Summon Small Mamm ||     9
Armor: Robe              ||    30
Dodge: Dodged            ||    28

Table legend: (Time is in decaauts)
 A = Elapsed time spent in this place.
 B = Non-inter-level travel time spent in this place.
 C = Inter-level travel time spent in this place.
 D = Time resting spent in this place.
 E = Time spent auto-exploring this place.
 F = Levels seen in this place.
 G = Mean time per level.
                   A        B        C        D        E       F      G
               +--------+--------+--------+--------+--------+-----+--------+
         Total |   1203 |   1164 |     39 |    100 |    973 |   2 |  601.5 |
       Dungeon |   1203 |   1164 |     39 |    100 |    973 |   2 |  601.5 |
               +--------+--------+--------+--------+--------+-----+--------+

Top non-repeatable levels by time:
     D:1: 1187 daAuts
     D:2: 15 daAuts
